 Dungeon Crawl Stone Soup version 0.20.1-1-g8b1a95d (webtiles) character file.

80 KoningWillie the Skirmisher (level 4, 0/41 HPs)
             Began as a Minotaur Abyssal Knight on Oct 9, 2017.
             Was a Follower of Lugonu.
             Succumbed to an adder's poison
             ... on level 2 of the Dungeon.
             The game lasted 00:04:22 (1147 turns).

KoningWillie the Skirmisher (MiAK)                  Turns: 1147, Time: 00:04:23

Health: 0/41       AC: 11    Str: 17    XL:     4   Next: 18%
Magic:  4/4        EV:  5    Int: 14    God:    Lugonu [*.....]
Gold:   51         SH:  0    Dex: 10    Spells: 3/3 levels left

rFire    . . .     SeeInvis .   a - +1 spear
rCold    . . .     Gourm    .   (no shield)
rNeg     . . .     Faith    .   d - +0 plate armour
rPois    .         Spirit   .   (helmet restricted)
rElec    .         Reflect  .   (no cloak)
rCorr    .         Harm     .   (no gloves)
MR       .....                  (no boots)
Stlth    ..........             (no amulet)
Regen    0.2/turn               (no ring)
MPRegen  0.1/turn               (no ring)

@: brilliant, lethally poisoned (0 -> -4)
A: retaliatory headbutt, horns 2
a: Depart the Abyss, Renounce Religion


You were on level 2 of the Dungeon.
You worshipped Lugonu.
Lugonu was aware of your devotion.
You were full.

You visited 1 branch of the dungeon, and saw 2 of its levels.
You visited the Abyss 1 time.

You collected 51 gold pieces.

Inventory:

Hand Weapons
 a - a +1 spear (weapon)
Armour
 b - a +0 leather armour
 d - a +0 plate armour (worn)
Jewellery
 h - an uncursed amulet of regeneration {unknown}
Scrolls
 e - 2 scrolls of identify {unknown}
 g - 3 scrolls of remove curse
Comestibles
 c - 3 bread rations
 f - 2 meat rations


   Skills:
 + Level 4.7 Fighting
 + Level 3.6 Polearms
 + Level 3.2 Armour
 + Level 1.2 Dodging
 + Level 2.1 Invocations


You had 3 spell levels left.
You didn't know any spells.

Dungeon Overview and Level Annotations

Branches:
Dungeon (2/15)

Altars:


Innate Abilities, Weirdness & Mutations

You reflexively headbutt those who attack you in melee.
You have a pair of horns on your head.


Message History

The bat hits you but does no damage. x2
Things that are here:
a hobgoblin corpse x2; a goblin corpse
* * * LOW HITPOINT WARNING * * *
You feel sick. The bat hits you but does no damage.
Things that are here:
a club x2; a rat corpse The bat hits you.
* * * LOW HITPOINT WARNING * * *
You see here a goblin corpse.
Okay, then.
You closely miss the bat.
* * * LOW HITPOINT WARNING * * *
You feel sick. The bat closely misses you. You furiously retaliate!
You headbutt the bat!
You kill the bat!
Lugonu accepts your kill.
Things that are here:
a club x2; a rat corpse You die...

########## #........#
#........# ####### ...
#........# #.....# ....
#........# #.....#####....
#........# #.$............
#........#######....†......
#..........†)@))...........
#........#######...........
##'####### #.......#...
#.##############....###...
#.##..........†...........
#.##........####÷...###...
#.##........####....## #
#####.##>.....)..........######
......##........######........#


There were no monsters in sight!

Vanquished Creatures
  Robin (D:2)
  3 adders (D:2)
  A dart slug (D:1)
  A giant cockroach (D:1)
  11 goblins
  8 hobgoblins
  3 kobolds
  2 ball pythons (D:1)
  4 bats
  2 frilled lizards
  4 rats
40 creatures vanquished.

Notes
Turn   | Place    | Note
-------+----------+-------------------------------------------
     0 | Abyss:1  | KoningWillie the Minotaur Abyssal Knight began the quest for the Orb.
     0 | Abyss:1  | Reached XP level 1. HP: 19/19 MP: 1/1
   128 | Abyss:1  | Noticed a shadow dragon zombie
   128 | D:1      | Escaped the Abyss
   235 | D:1      | Reached * piety under Lugonu
   313 | D:1      | Reached XP level 2. HP: 25/27 MP: 2/2
   317 | D:1      | Reached skill level 4 in Fighting
   878 | D:2      | Reached XP level 3. HP: 29/34 MP: 3/3
  1033 | D:2      | Noticed Robin
  1068 | D:2      | Killed Robin
  1119 | D:2      | Reached XP level 4. HP: 8/41 MP: 4/4
  1144 | D:2      | HP: 2/41 [bat (1)]
  1147 | D:2      | Succumbed to an adder's poison

Skill      XL: |  1  2  3 |
---------------+----------+-----
Fighting       | 4 |  4.7
Invocations    | 2 |  2.1
Polearms       | 3 |  3.6
Armour         | 3 |  3.2
Dodging        | |  1.2

Action                   |  1- 3 |  4- 6 || total
-------------------------+-------+-------++-------
Melee: Spear             |   109 |    18 ||   127
       Headbutt          |     8 |     1 ||     9
Invok: Depart the Abyss  |     1 |       ||     1
  Use: Scroll            |     2 |       ||     2
       Potion            |       |     1 ||     1
  Eat: Meat ration       |     1 |       ||     1
Armor: Plate armour      |    77 |    24 ||   101
Dodge: Dodged            |    21 |     6 ||    27
